 Dungeon Crawl Stone Soup version 0.30.0-12-gd5a94ecb5d (webtiles) character file.

Game seed: 158105936950527307

491 Gabide the Vexing (level 6, -1/70 HPs)
             Began as a Vampire Enchanter on May 17, 2023.
             Slain by a gnoll bouda
             ... wielding a +0 club
              (9 damage)
             ... on level 3 of the Dungeon.
             The game lasted 00:11:21 (3670 turns).

Gabide the Vexing (Vampire Enchanter)               Turns: 3670, Time: 00:11:21

Health: -1/70      AC: 23    Str:  4 (7)  XL:     6   Next: 91%
Magic:  11/11      EV:  2    Int: 16 (19) God:
Gold:   85         SH:  0    Dex: 12 (15) Spells: 11/11 levels left

rFire   + . .        q - +2 dagger (pain)
rCold   . . .        (no shield)
rNeg    . . .        b - melded +0 robe
rPois   +            (helmet currently unavailable)
rElec   .            f - melded +2 cloak {Stlth+}
rCorr   .            d - melded +0 pair of gloves
SInv    +            l - melded +0 pair of boots
Will    .....        (no amulet)
Stlth   +++          g - ring of protection from fire
HPRegen 0.51/turn    (no ring)
MPRegen 0.12/turn

%: no passive effects
@: tree-form, attractive, healing quickly
A: stationary, stasis, torment immunity, boosted hp, alive, (fangs 3), see
invisible, vampiric 2
a: Exsanguinate


You were on level 3 of the Dungeon.
You were a tree.
You visited 1 branch of the dungeon, and saw 3 of its levels.

You collected 170 gold pieces.
You spent 85 gold pieces at shops.

Inventory:

Hand Weapons
 a - a +2 dagger
 c - a +0 falchion
 q - a +2 dagger of pain (weapon)
Armour
 b - a +0 robe (melded)
 d - a +0 pair of gloves (melded)
 f - a +2 cloak of stealth (melded)
 l - a +0 pair of boots (melded)
Jewellery
 g - a ring of protection from fire (left branch)
 i - a ring of fire
Wands
 h - a wand of digging (2)
Scrolls
 e - a scroll of teleportation
Potions
 j - 2 potions of cancellation
 m - a potion of degeneration


   Skills:
 + Level 3.3 Fighting
 + Level 3.4 Short Blades
 + Level 3.5 Dodging
 - Level 5.0 Stealth
 + Level 3.3 Spellcasting
 * Level 6.1 Hexes


You had 11 spell levels left.
You didn't know any spells.
Your spell library contained the following spells:

 Spells                   Type           Power      Damage    Failure   Level
 Confusing Touch          Hex            22%        N/A       4%          3
 Tukima's Dance           Hex            22%        N/A       4%          3
 Ensorcelled Hibernation  Hex/Ice        24%        N/A       8%          2
 Dazzling Flash           Conj/Hex       24%        N/A       16%         3
 Volatile Blastmotes      Fire/Tloc      4%         2d10      47%         3
 Iskenderun's Mystic Bla  Conj/Tloc      2%         2d3       87%         4
 Starburst                Conj/Fire      1%         6d3       100%        6


Dungeon Overview and Level Annotations

Branches:
Dungeon (3/15)

Altars:
Hepliaklqana
Yredelemnul

Shops:
D:2 ?

Annotations:
D:3 Ijyb


Innate Abilities, Weirdness & Mutations

You are a tree.
Your roots penetrate the ground, keeping you stationary.
You cannot be teleported.
You are immune to unholy pain and torment.
Your maximum health is greatly increased.
Your equipment is partially melded.
Your natural rate of healing is accelerated.
((You have razor-sharp teeth.))
You have supernaturally acute eyesight. (SInv)
You are afflicted with vampirism and can become a bat while bloodless.


Message History

The gnoll bouda is healed somewhat.
You completely miss the gnoll bouda.
The gnoll bouda is severely wounded.
You hit the gnoll bouda but do no damage.
The gnoll bouda is severely wounded.
The gnoll bouda hits you but does no damage.
You hit the gnoll bouda.
The gnoll bouda is severely wounded.
The gnoll bouda hits you with a +0 club.
* * * LOW HITPOINT WARNING * * *
It was a potion of attraction.
You feel attractive to monsters.
The gnoll bouda hits you but does no damage.
You hit the gnoll bouda.
The gnoll bouda is severely wounded.
The gnoll bouda hits you but does no damage.
You hit the gnoll bouda.
The gnoll bouda is almost dead.
The gnoll bouda hits you but does no damage.
You barely miss the gnoll bouda.
The gnoll bouda is almost dead.
Your attacks no longer feel as feeble.
The gnoll bouda mumbles some strange prayers to its god.
The gnoll bouda is healed somewhat.
You hit the gnoll bouda but do no damage.
The gnoll bouda is severely wounded.
Okay, then.
Okay, then.
Unknown command.
Unknown command.
You hit the gnoll bouda but do no damage.
The gnoll bouda is severely wounded.
The gnoll bouda completely misses you.
You hit the gnoll bouda.
The gnoll bouda is severely wounded.
The gnoll bouda hits you but does no damage.
You hit the gnoll bouda but do no damage.
The gnoll bouda is severely wounded.
The gnoll bouda hits you with a +0 club!
You die...

.P~≈###'#...........#....#.......
..~≈#...#############''''########
..~≈#...#........................
..~≈#####≈≈≈~≈≈~~(~~~....~)~~~~≈~
..~≈≈≈≈≈≈≈≈≈≈≈≈≈≈≈≈~~....~~≈≈≈~≈≈
..~~≈~≈~≈~~~~~~~~~≈~~....~~≈~~≈≈~
...P.............................
####)###########g######.##.######
#.# #♣# #....###### #.# #)#
######..)...) #.#
#.####..........## #.#
#......##.....#.## ####.#
##########...##... .....#
##.###### ###### #.# ## #.#####.
#.......


You could see a gnoll bouda.

Vanquished Creatures
  An ogre (D:3)
  A howler monkey (D:3)
  A hound (D:3)
  A gnoll bouda (D:3)
  An orc wizard (D:3)
  15 gnolls (D:3)
  An adder (D:3)
  4 dart slugs
  26 orcs (D:3)
  3 endoplasms
  A giant cockroach (D:1)
  7 goblins
  7 hobgoblins
  12 jackals (D:3)
  2 quokkas (D:3)
  5 ball pythons
  3 bats
  3 frilled lizards (D:1)
  2 kobolds (D:1)
  6 rats
102 creatures vanquished.

Notes
Turn   | Place    | Note
-------+----------+-------------------------------------------
     0 | D:1      | Gabide the Vampire Enchanter began the quest for the Orb.
     0 | D:1      | Reached XP level 1. HP: 13/13 MP: 3/3
   235 | D:1      | Reached skill level 5 in Hexes
   267 | D:1      | Reached XP level 2. HP: 19/19 MP: 5/5
   579 | D:1      | Reached skill level 5 in Stealth
  1093 | D:2      | Gained mutation: You are afflicted with vampirism and can
                  | become a bat while bloodless. [Vampire growth]
  1093 | D:2      | Reached XP level 3. HP: 24/24 MP: 6/6
  1118 | D:2      | Found a basalt altar of Yredelemnul.
  1267 | D:2      | Found Uprume Voeta's Magic Scroll Shop.
  1272 | D:2      | Bought a scroll of enchant armour for 75 gold pieces
  1272 | D:2      | Bought a scroll of noise for 10 gold pieces
  1670 | D:3      | Reached XP level 4. HP: 21/31 MP: 7/7
  1685 | D:3      | Reached skill level 1 in Fighting
  1808 | D:3      | Reached XP level 5. HP: 34/39 MP: 8/8
  2199 | D:3      | Noticed Ijyb
  2348 | D:3      | Found a hazy altar of Hepliaklqana.
  2544 | D:3      | Noticed an ogre
  2706 | D:3      | HP: 2/41 [gnoll/+0 flail (3)]
  2913 | D:3      | Reached XP level 6. HP: 45/47 MP: 10/10
  3368 | D:3      | Reached skill level 6 in Hexes
  3670 | D:3      | Slain by a gnoll bouda

Illustrated notes

Levels and vault maps discovered:
D:1:      onia_arrival_mini_maze, layout_basic, chequers_serial_rivers_room_a,
          minmay_split_cup_large
D:2:      layout_basic, basic_altar, serial_shops, shop
D:3:      lemuel_castle_with_subvaults [lemuel_castle_interior_carwin_1],
          layout_loops_corners, mainiacjoe_overflow_alcove_4,
          chequers_serial_rivers_micro_c, uniq_ijyb

Skill      XL: |  1  2  3  4  5  6 |
---------------+-------------------+-----
Hexes          | 5 6 |  6.1
Stealth        | 5 |  5.0
Short Blades   | 2 3 |  3.4
Dodging        | 3 |  3.5
Fighting       | 2 3 |  3.3
Spellcasting   | 3 |  3.3

Action                     |  1- 3 |  4- 6 || total
---------------------------+-------+-------++-------
  Melee: Dagger            |    98 |   407 ||   505
         Bite              |     9 |    52 ||    61
         Punch             |     1 |     9 ||    10
  Throw: Dart              |       |     2 ||     2
    Use: Scroll            |     5 |     2 ||     7
         Potion            |     1 |     9 ||    10
   Stab: Sleeping          |    15 |     2 ||    17
         Invisible         |       |     4 ||     4
 Armour: Robe              |    23 |    85 ||   108
         Skin              |       |    14 ||    14
  Dodge: Dodged            |    63 |   216 ||   279
